Map: Deathaura LE

Players

SLicKcHeeZEE - Winner!

  • Race: Zerg Zerg
  • League: Bronze

A.I. 1 (Very Hard)

  • Race: Terran Terran

VOD

Have the link to the VOD?

Description

Time

  • Played on: Sept. 30, 2026, 2:38 p.m.
  • Length: 13:00
Show
View Real Time Build Order
Export as new Build Order

SLicKcHeeZEE Zerg - Winner!

Build Orders: Hatch First, Roach Hydra 

Get SALT Encoding   

  8  0:01  Drone  
  9  0:11  Drone  
  10  0:18  Drone  
  11  0:27  Overlord  
  11  0:37  Drone  
  12  0:45  Drone x2  
  14  0:52  Drone  
  15  1:14  Hatchery  
  15  1:18  Drone  
  15  1:21  Drone  
  15  1:25  Drone  
  17  1:40  Spawning Pool  
  17  1:43  Drone  
  17  1:47  Extractor  
  17  1:48  Drone  
  17  1:53  Drone  
  18  2:00  Drone  
  19  2:10  Overlord  
  19  2:27  Queen  
  19  2:28  Queen  
  23  2:30  Zergling x2  
  23  2:34  Drone  
  25  2:37  Drone  
  25  2:40  Drone  
  27  2:45  Extractor  
  27  2:49  Overlord  
  26  3:00  Roach Warren  
  25  3:09  Lair  
  25  3:17  Drone x2  
  27  3:26  Drone  
  28  3:43  Roach x3  
  28  3:44  Roach  
  28  3:45  Overlord  
  36  3:52  Queen  
  38  4:08  Hydralisk Den  
  37  4:10  Overlord  
  37  4:15  Drone x2  
  37  4:16  Drone  
  40  4:17  Drone  
  40  4:20  Drone  
  42  4:38  Hydralisk x2  
  42  4:39  Hydralisk  
  42  4:43  Hydralisk  
  50  4:49  Overlord  
  50  4:59  Drone x2  
  53  5:00  Drone, Extractor  
  53  5:01  Glial Reconstitution  
  52  5:09  Grooved Spines  
  52  5:18  Evolution Chamber  
  51  5:29  Overlord  
  52  5:42  Drone  
  52  5:43  Drone  
  52  5:45  Zerg Missile Weapons Level 1, Hatchery  
  52  5:46  Overlord  
  52  5:51  Drone x2  
  52  5:52  Drone  
  55  5:58  Drone x3  
  58  6:15  Muscular Augments  
  58  6:29  Roach x2, Hydralisk x3  
  58  6:30  Hydralisk  
  69  6:54  Burrow  
  69  7:00  Queen  
  69  7:19  Roach x3, Hydralisk x4  
  69  7:21  Overlord  
  69  7:22  Overlord  
  81  7:24  Overlord  
  81  7:33  Drone x2  
  81  7:34  Drone  
  81  7:36  Overlord  
  84  7:40  Roach x4  
  84  7:41  Roach  
  94  8:03  Hydralisk x3, Roach x3  
  106  8:17  Overlord x3  
  106  8:31  Hydralisk  
  106  8:32  Hydralisk x2  
  106  8:33  Roach x2  
  116  8:48  Zergling x2  
  116  8:49  Zergling x10, Baneling Nest  
  116  8:50  Zergling x4  
  123  9:03  Drone x3  
  123  9:04  Drone x4  
  123  9:05  Drone  
  123  9:07  Overlord  
  131  9:27  Overlord x3  
  131  9:30  Zerg Ground Armor Level 1  
  131  9:34  Baneling x14  
  131  9:35  Baneling x2  
  131  9:56  Zergling x16  
  131  9:57  Zergling x12  
  145  10:23  Baneling x15  
  149  10:50  Roach x5, Hydralisk x3  
  149  10:51  Hydralisk  
  127  11:24  Roach x4  
  127  11:25  Hydralisk x3, Roach  
  128  11:44  Roach x3  
  133  12:01  Roach  
  133  12:02  Roach x7  
  133  12:03  Roach x2  
  151  12:09  Drone x2, Extractor  
  151  12:10  Drone  
  153  12:28  Hatchery  
Show
View Real Time Build Order
Export as new Build Order

A.I. 1 (Very Hard) Terran 

Build Orders:  

Get SALT Encoding   

  8  0:00  SCV  
  9  0:13  SCV  
  10  0:25  SCV  
  11  0:37  SCV  
  12  0:47  Supply Depot  
  12  0:49  SCV  
  13  1:08  SCV  
  14  1:15  Barracks  
  14  1:20  SCV  
  15  1:33  SCV  
  16  1:45  SCV  
  17  1:53  Supply Depot  
  17  1:57  SCV  
  17  2:00  Refinery  
  18  2:02  Marine  
  19  2:09  SCV  
  19  2:19  Marine  
  19  2:21  Barracks, SCV  
  22  2:30  Refinery  
  22  2:33  SCV  
  23  2:37  Marine  
  24  2:45  SCV  
  24  2:46  Supply Depot  
  25  2:55  Marine  
  25  2:57  SCV  
  27  3:08  Marine  
  27  3:09  SCV  
  27  3:10  Factory  
  29  3:15  Marine  
  30  3:21  SCV  
  30  3:26  Marine  
  32  3:33  Marine  
  32  3:34  SCV  
  34  3:43  Marine  
  34  3:46  SCV  
  36  3:51  Barracks  
  36  3:57  Barracks Tech Lab  
  36  3:58  SCV  
  36  3:59  Supply Depot  
  37  4:07  Barracks Tech Lab  
  37  4:11  Factory Tech Lab  
  37  4:21  SCV  
  38  4:26  Marine  
  38  4:29  Marine  
  40  4:33  SCV  
  40  4:35  Stimpack  
  41  4:42  Supply Depot  
  41  4:45  SCV  
  42  4:57  SCV  
  42  5:04  Marine, Marauder  
  42  5:06  Supply Depot  
  45  5:09  SCV  
  46  5:16  Barracks Reactor  
  46  5:18  Starport  
  46  5:21  SCV  
  46  5:22  Marauder  
  46  5:23  Command Center  
  46  5:25  Marine  
  50  5:33  SCV  
  51  5:44  Marauder  
  51  5:46  Orbital Command  
  51  5:49  Supply Depot  
  53  5:53  Marauder  
  53  5:56  Medivac  
  57  6:00  Marine  
  58  6:05  Marauder  
  60  6:14  Marauder  
  62  6:20  Supply Depot  
  62  6:22  Marine  
  62  6:25  Marine  
  64  6:26  Medivac, Marauder  
  68  6:34  Combat Shield  
  68  6:35  Marauder  
  68  6:36  SCV  
  68  6:39  SCV  
  72  6:48  SCV, Marauder  
  72  6:51  SCV  
  76  6:57  Marauder  
  76  7:00  SCV  
  78  7:04  SCV, Supply Depot  
  78  7:07  Concussive Shells  
  79  7:10  Marauder  
  79  7:12  SCV  
  82  7:16  SCV  
  82  7:18  Engineering Bay, Marauder  
  85  7:24  SCV  
  85  7:28  SCV  
  87  7:32  Supply Depot  
  87  7:36  SCV  
  88  7:40  Engineering Bay, SCV  
  89  7:44  Terran Infantry Weapons Level 1  
  89  7:48  SCV  
  90  7:52  Missile Turret, SCV  
  90  7:54  Missile Turret  
  91  8:01  Barracks, Starport Reactor  
  91  8:04  Marine  
  92  8:05  Orbital Command  
  92  8:06  Terran Infantry Armor Level 1  
  92  8:08  Supply Depot  
  92  8:09  Marine  
  92  8:11  Marine  
  92  8:12  Marine  
  95  8:23  Marauder  
  97  8:27  Missile Turret  
  97  8:28  Marauder  
  97  8:34  Supply Depot  
  99  8:37  Medivac, Viking  
  103  8:44  Marauder  
  105  8:49  Marauder  
  105  8:50  Command Center  
  107  9:01  Supply Depot  
  107  9:04  Missile Turret  
  107  9:07  Medivac, Viking  
  111  9:15  Refinery  
  111  9:19  Refinery  
  111  9:23  Factory  
  111  9:24  Missile Turret  
  111  9:26  Supply Depot  
  111  9:37  Viking x2  
  115  9:50  Barracks  
  115  9:56  Marine  
  115  9:57  Marine  
  115  9:58  Starport  
  115  9:59  Marine  
  118  10:03  Supply Depot, SCV x2  
  118  10:04  Refinery, SCV  
  121  10:07  Viking  
  121  10:11  Viking  
  121  10:12  Missile Turret  
  125  10:14  Missile Turret, Factory Tech Lab  
  125  10:15  SCV  
  125  10:16  SCV x2  
  128  10:24  Armory  
  128  10:27  SCV  
  129  10:29  Orbital Command, SCV  
  129  10:35  Starport Tech Lab  
  130  10:39  SCV  
  130  10:41  SCV  
  132  10:45  Neosteel Armor, Hi-Sec Auto Tracking, Barracks Tech Lab  
  132  10:49  Marine  
  132  10:51  SCV  
  132  10:53  SCV  
  132  10:54  Command Center  
  132  10:56  SCV, Raven  
  138  11:04  SCV  
  138  11:05  SCV  
  138  11:08  Supply Depot, SCV  
  136  11:13  Marauder  
  136  11:14  Ghost Academy  
  136  11:16  SCV, Marine  
  136  11:18  SCV  
  100  11:19  Marine  
  100  11:20  Marine  
  100  11:21  Marine  
  100  11:22  Marine  
  100  11:25  SCV  
  82  11:30  SCV  
  82  11:31  Raven  
  82  11:32  SCV  
  78  11:34  Marauder, Marine  
  78  11:36  Marine  
  78  11:37  SCV  
  78  11:38  Marine  
  78  11:39  Marauder  
  79  11:40  Marine  
  79  11:44  SCV  
  62  11:52  Marine  
  51  11:54  Marine  
  51  11:55  Marauder  
  51  11:58  Ghost  
  23  12:36  Marine x2, SCV  
Tags
 
Composition
Roach Hydra
League
Bronze
Matchup
TvZ
Add a new tag
Caveats
  • Supply blocks, unpowered buildings, or Contaminate may cause inaccurate times.
  • Supply counts are checked every 10 seconds.